[Event "GambitGuide"]
[Site "Internet Chess Club"]
[Date "2014.10.31"]
[Round "1"]
[White "JSBach"]
[Black "Fifo25"]
[Result "0-1"]
[ICCResult "White checkmated"]
[WhiteElo "1789"]
[BlackElo "1509"]
[Opening "Vienna: `Frankenstein-Dracula' variation"]
[ECO "C27"]
[NIC "VG.02"]
[Time "18:02:30"]
[TimeControl "120+12"]

1. e4 e5 2. Nc3 Nf6 3. Bc4 Nxe4 4. Qh5 Nd6 5. Bb3 Nc6 6. Nb5 g6 7. Qf3 f5 8.
Qd5 Qe7 9. Nxc7+ Kd8 10. Nxa8 b6 11. d3 Bb7 12. Nxb6 axb6 13. Qf3 Nd4 14.
Qg3 f4 15. Qg4 N6f5 16. Ne2 Nxe2 17. Kxe2 Nd4+ 18. Ke1 g5 19. Bd2 h5 20. Qd1
Bxg2 21. Rg1 Bf3 22. Qb1 Bg4 23. Bd5 Qc5 24. c4 Bg7 25. b4 Qd6 26. h3 Bf3
27. Rxg5 Bf6 28. Rg6 Bxd5 29. cxd5 Qxd5 30. Bxf4 exf4 31. Kf1 Qh1+ 32. Rg1
Qxh3+ 33. Ke1 Nf3+ 34. Ke2 Re8+ 35. Kd1 Nxg1 36. d4 Qf3+ 37. Kc2 Re2+ 38.
Kd1 Rxa2+ 39. Kc1 Ne2+ 40. Kd1 Nc3+ 41. Kc1 Qd1# {White checkmated} 0-1

[Event "GambitGuide"]
[Site "Internet Chess Club"]
[Date "2014.10.31"]
[Round "1"]
[White "JSBach"]
[Black "dutchking"]
[Result "1-0"]
[ICCResult "Black resigns"]
[WhiteElo "1789"]
[BlackElo "1370"]
[Opening "Vienna: `Frankenstein-Dracula' variation"]
[ECO "C27"]
[NIC "VG.02"]
[Time "18:02:31"]
[TimeControl "120+12"]

1. e4 e5 2. Nc3 Nf6 3. Bc4 Nxe4 4. Qh5 Nd6 5. Bb3 Nc6 6. Nb5 g6 7. Qf3 f5 8.
Qd5 Qe7 9. Nxc7+ Kd8 10. Nxa8 b6 11. d3 Bb7 12. Nxb6 axb6 13. Qf3 Nd4 14.
Qg3 f4 15. Qg4 Nxb3 16. axb3 Qe6 17. Qxe6 dxe6 18. f3 Nf5 19. Ra7 Kc7 20. c3
Ne3 21. Bxe3 fxe3 22. Ne2 Bc5 23. b4 Bd6 24. b5 Ra8 25. Rxa8 Bxa8 26. c4
Bb4+ 27. Kd1 Bd2 28. Rf1 Bb7 29. Kc2 Bc8 30. Ra1 Kb7 31. h4 Bd7 32. b3 Be8
33. Rf1 Bf7 34. f4 exf4 35. Rxf4 Be8 36. d4 Bd7 37. Rf7 Kc8 38. Rxh7 e5 39.
dxe5 Bf5+ 40. Kd1 g5 41. Rh5 Bg4 42. Rxg5 Bxe2+ 43. Kxe2 {Black resigns} 1-0

[Event "GambitGuide"]
[Site "Internet Chess Club"]
[Date "2014.10.31"]
[Round "1"]
[White "JSBach"]
[Black "catman"]
[Result "0-1"]
[ICCResult "White checkmated"]
[WhiteElo "1789"]
[BlackElo "1488"]
[Opening "Vienna: `Frankenstein-Dracula' variation"]
[ECO "C27"]
[NIC "VG.02"]
[Time "18:03:45"]
[TimeControl "120+12"]

1. e4 e5 2. Nc3 Nf6 3. Bc4 Nxe4 4. Qh5 Nd6 5. Bb3 Nc6 6. Nb5 g6 7. Qf3 f5 8.
Qd5 Qe7 9. Nxc7+ Kd8 10. Nxa8 b6 11. d3 Bb7 12. Nxb6 axb6 13. Qf3 Nd4 14.
Qg3 f4 15. Qg4 Qf6 16. Ba4 b5 17. Bb3 h5 18. Qh3 g5 19. Bd2 g4 20. Ba5+ Ke7
21. c3 gxh3 22. Nxh3 Bxg2 23. cxd4 exd4 24. O-O-O Bxh3 25. Rde1+ Be6 26.
Rhg1 Bh6 27. Kb1 Kf7 28. Bd1 Bg4 29. f3 Be6 30. Bb4 Nf5 31. Re4 Ne3 32. Be2
Ra8 33. b3 Bf5 34. Re7+ Qxe7 35. Bxe7 Kxe7 36. Rc1 Be6 37. Rc5 Ng4 38. fxg4
hxg4 39. Rh5 f3 40. Bxf3 gxf3 41. Rxh6 f2 42. Rh7+ Kd6 43. h4 f1=Q+ 44. Kb2
Qe2+ 45. Kb1 Qd1+ 46. Kb2 Qd2+ 47. Kb1 Qxd3+ 48. Kb2 Qd2+ 49. Kb1 Qxa2+ 50.
Kc1 Rc8+ 51. Kd1 Bg4+ 52. Ke1 Rc1# {White checkmated} 0-1

[Event "GambitGuide"]
[Site "Internet Chess Club"]
[Date "2014.10.31"]
[Round "1"]
[White "JSBach"]
[Black "CairnTerrier"]
[Result "1-0"]
[ICCResult "Black resigns"]
[WhiteElo "1789"]
[BlackElo "1232"]
[Opening "Vienna: `Frankenstein-Dracula' variation"]
[ECO "C27"]
[NIC "VG.02"]
[Time "18:05:02"]
[TimeControl "120+12"]

1. e4 e5 2. Nc3 Nf6 3. Bc4 Nxe4 4. Qh5 Nd6 5. Bb3 Nc6 6. Nb5 g6 7. Qf3 f5 8.
Qd5 Qe7 9. Nxc7+ Kd8 10. Nxa8 b6 11. d3 Nd4 12. f4 exf4+ 13. Kd1 Bg7 14.
Bxf4 Bb7 15. Bxd6 Bxd5 16. Bxe7+ Kxe7 17. Bxd5 Kd6 18. c4 Nc6 19. Nxb6 Rb8
20. Na4 a5 21. Bxc6 dxc6 22. Kc2 Rb4 23. Nc3 h6 24. a3 Rb7 25. Nf3 g5 26. d4
g4 27. c5+ Kd7 28. Ne5+ Bxe5 29. dxe5 Ke6 30. Rhe1 f4 31. Rad1 h5 32. Rd6+
Kf5 33. Rxc6 h4 34. Rf6+ Kg5 35. Ne4+ Kh5 36. Rf5+ Kg6 37. Rg5+ Kf7 38. Nd6+
{Black resigns}
1-0

[Event "GambitGuide"]
[Site "Internet Chess Club"]
[Date "2014.10.31"]
[Round "1"]
[White "JSBach"]
[Black "dutchking"]
[Result "1-0"]
[ICCResult "Black resigns"]
[WhiteElo "1789"]
[BlackElo "1370"]
[Opening "Vienna: `Frankenstein-Dracula' variation"]
[ECO "C27"]
[NIC "VG.02"]
[Time "18:05:19"]
[TimeControl "120+12"]

1. e4 e5 2. Nc3 Nf6 3. Bc4 Nxe4 4. Qh5 Nd6 5. Bb3 Nc6 6. Nb5 g6 7. Qf3 f5 8.
Qd5 Qe7 9. Nxc7+ Kd8 10. Nxa8 b6 11. d3 Bb7 12. Nxb6 axb6 13. Qf3 e4 14.
dxe4 fxe4 15. Qe3 h5 16. Qxb6+ Kc8 17. Bd5 Bg7 18. c4 Rf8 19. Be3 Nf5 20.
Bc5 Qe5 21. Bxf8 Qxb2 22. Qxb2 Bxb2 23. Rb1 Bc3+ 24. Ke2 Nfd4+ 25. Ke3
{Black resigns}
1-0

[Event "GambitGuide"]
[Site "Internet Chess Club"]
[Date "2014.10.31"]
[Round "1"]
[White "JSBach"]
[Black "CairnTerrier"]
[Result "1-0"]
[ICCResult "Black checkmated"]
[WhiteElo "1789"]
[BlackElo "1232"]
[Opening "Vienna: `Frankenstein-Dracula' variation"]
[ECO "C27"]
[NIC "VG.02"]
[Time "18:06:25"]
[TimeControl "120+12"]

1. e4 e5 2. Nc3 Nf6 3. Bc4 Nxe4 4. Qh5 Nd6 5. Bb3 Nc6 6. Nb5 g6 7. Qf3 f5 8.
Qd5 Qe7 9. Nxc7+ Kd8 10. Nxa8 b6 11. d3 Nd4 12. h4 Bg7 13. Bg5 Bf6 14. c3 e4
15. Bxf6 Qxf6 16. cxd4 exd3 17. Rc1 Re8+ 18. Ne2 g5 19. hxg5 Qxg5 20. O-O
Rxe2 21. Qxd6 Qg8 22. Rxc8+ Kxc8 23. Qc7# {Black checkmated} 1-0

[Event "GambitGuide"]
[Site "Internet Chess Club"]
[Date "2014.10.31"]
[Round "1"]
[White "JSBach"]
[Black "nsideurheadbro"]
[Result "1-0"]
[ICCResult "Black checkmated"]
[WhiteElo "1789"]
[BlackElo "1184"]
[Opening "Vienna: `Frankenstein-Dracula' variation"]
[ECO "C27"]
[NIC "VG.02"]
[Time "18:04:39"]
[TimeControl "120+12"]

1. e4 e5 2. Nc3 Nf6 3. Bc4 Nxe4 4. Qh5 Nd6 5. Bb3 Nc6 6. Nb5 g6 7. Qf3 f5 8.
Qd5 Qe7 9. Nxc7+ Kd8 10. Nxa8 b6 11. d3 Bb7 12. Nxb6 axb6 13. Qf3 Nd4 14.
Qg3 f4 15. Qg4 g5 16. Ba4 h5 17. Qd1 Bxg2 18. c3 Bxh1 19. cxd4 exd4+ 20. Qe2
Qe6 21. Kd1 Qg4 22. Qxg4 hxg4 23. Ke2 Bg7 24. b4 Re8+ 25. Kf1 f3 26. Bxg5+
Kc7 27. Rc1+ Kb7 28. Nxf3 gxf3 29. Kg1 Bg2 30. Bxd7 Re2 31. a4 Ra2 32. Bf4
Nf7 33. Be6 Nd8 34. Rc7+ Ka6 35. Bc8+ Nb7 36. Bxb7+ Ka7 37. Bc6+ Ka6 38.
Bb5# {Black checkmated} 1-0

[Event "GambitGuide"]
[Site "Internet Chess Club"]
[Date "2014.10.31"]
[Round "1"]
[White "JSBach"]
[Black "CairnTerrier"]
[Result "1-0"]
[ICCResult "Black checkmated"]
[WhiteElo "1786"]
[BlackElo "1232"]
[Opening "Vienna: `Frankenstein-Dracula' variation"]
[ECO "C27"]
[NIC "VG.02"]
[Time "18:07:18"]
[TimeControl "120+12"]

1. e4 e5 2. Nc3 Nf6 3. Bc4 Nxe4 4. Qh5 Nd6 5. Bb3 Nc6 6. Nb5 g6 7. Qf3 f5 8.
Qd5 Qe7 9. Nxc7+ Kd8 10. Nxa8 b6 11. d3 Nd4 12. h4 Bg7 13. Bg5 Bf6 14. Bxf6
Qxf6 15. O-O-O Bb7 16. Nxb6 Bxd5 17. Nxd5 Qf8 18. Re1 Qe8 19. f4 e4 20. Ne2
e3 21. Nxd4 h6 22. Rxe3 Qf8 23. Rhe1 g5 24. fxg5 hxg5 25. hxg5 Rh2 26. g3
Qg7 27. Nxf5 Qxg5 28. Nxd6 Qg6 29. Re8+ Qxe8 30. Rxe8# {Black checkmated}
1-0

[Event "GambitGuide"]
[Site "Internet Chess Club"]
[Date "2014.10.31"]
[Round "1"]
[White "JSBach"]
[Black "nsideurheadbro"]
[Result "1-0"]
[ICCResult "Black checkmated"]
[WhiteElo "1786"]
[BlackElo "1184"]
[Opening "Vienna: `Frankenstein-Dracula' variation"]
[ECO "C27"]
[NIC "VG.02"]
[Time "18:07:38"]
[TimeControl "120+12"]

1. e4 e5 2. Nc3 Nf6 3. Bc4 Nxe4 4. Qh5 Nd6 5. Bb3 Nc6 6. Nb5 g6 7. Qf3 f5 8.
Qd5 Qe7 9. Nxc7+ Kd8 10. Nxa8 b6 11. d3 Bb7 12. Nxb6 axb6 13. Qf3 Nd4 14.
Qh3 f4 15. Ba4 g5 16. c3 N4f5 17. Nf3 h5 18. g4 fxg3 19. Bxg5 gxf2+ 20. Kxf2
e4 21. Bxe7+ Bxe7 22. dxe4 Nxe4+ 23. Ke1 Ne3 24. Qxd7# {Black checkmated}
1-0

[Event "GambitGuide"]
[Site "Internet Chess Club"]
[Date "2014.10.31"]
[Round "1"]
[White "JSBach"]
[Black "ElNino"]
[Result "1-0"]
[ICCResult "Black forfeits on time"]
[WhiteElo "1786"]
[BlackElo "1227"]
[Opening "Vienna: `Frankenstein-Dracula' variation"]
[ECO "C27"]
[NIC "VG.02"]
[Time "17:56:16"]
[TimeControl "120+12"]

1. e4 e5 2. Nc3 Nf6 3. Bc4 Nxe4 4. Qh5 Nd6 5. Bb3 Nc6 6. Nb5 g6 7. Qf3 f5 8.
Qd5 Qe7 9. Nxc7+ Kd8 10. Nxa8 b6 11. d3 Bb7 12. Nxb6 axb6 13. Qf3 Nd4 14.
Qg3 f4 15. Qg4 Qf6 16. Ba4 b5 17. Bb3 h5 18. Qh3 g5 19. Bd2 g4 20. Ba5+ Ke8
21. c3 gxh3 22. Nxh3 Nxb3 23. axb3 e4 24. dxe4 Nxe4 25. O-O Kf7 26. Rad1 Bc6
27. g3 fxg3 28. hxg3 h4 29. Bb6 hxg3 30. fxg3 Rg8 31. Rxf6+ Nxf6 32. Bf2 Ne4
33. Kh2 Bd6 34. Rf1 Nxf2 35. Rxf2+ Ke8 36. Re2+ Kd8 37. Nf4 Rg4 38. Kh3 Rg5
39. Re1 Rf5 40. Kg4 Rf7 41. b4 Rg7+ 42. Kh3 Bf3 43. Kh2 Rh7+ 44. Kg1 Rg7 45.
Kf2 Bc6 46. b3 Rf7 47. Ke3 Bc7 48. Rf1 Bb6+ 49. Kd3 Re7 50. Kc2 Be4+ 51. Kd2
Bh7 52. Nd5 Re6 53. Rf8+ Re8 54. Rxe8+ Kxe8 55. Nxb6 Ke7 56. Nc8+ Ke6 57.
Na7 Kd6 58. Ke3 Kc7 59. Nxb5+ Kb6 60. Nd4 Bg8 61. g4 Be6 62. Nxe6 dxe6 63.
g5 {Black forfeits on time} 1-0

[Event "GambitGuide"]
[Site "Internet Chess Club"]
[Date "2014.10.31"]
[Round "1"]
[White "JSBach"]
[Black "catman"]
[Result "0-1"]
[ICCResult "White checkmated"]
[WhiteElo "1786"]
[BlackElo "1488"]
[Opening "Vienna: `Frankenstein-Dracula' variation"]
[ECO "C27"]
[NIC "VG.02"]
[Time "18:05:54"]
[TimeControl "120+12"]

1. e4 e5 2. Nc3 Nf6 3. Bc4 Nxe4 4. Qh5 Nd6 5. Bb3 Nc6 6. Nb5 g6 7. Qf3 f5 8.
Qd5 Qe7 9. Nxc7+ Kd8 10. Nxa8 b6 11. d3 Bb7 12. Nxb6 axb6 13. Qf3 Nd4 14.
Qg3 f4 15. Qg4 Qf6 16. Ba4 N6f5 17. c3 h5 18. Qh3 g5 19. cxd4 g4 20. Bxf4
exf4 21. Bc6 Bxc6 22. d5 Bxd5 23. Qxh5 Rxh5 24. h4 Rxh4 25. Rxh4 Nxh4 26.
O-O-O Bxg2 27. Ne2 Bf3 28. Rd2 Bxe2 29. Rxe2 f3 30. Re1 Bh6+ 31. Kc2 Qe6 32.
Rxe6 dxe6 33. Kd1 e5 34. a4 Ng6 35. b4 Nf4 36. Kd2 Nd5+ 37. Kc2 Nxb4+ 38.
Kc3 Nc6 39. d4 exd4+ 40. Kd3 Kd7 41. a5 bxa5 42. Kc4 Kd6 43. Kd3 Kd5 44. Kc2
Kc4 45. Kd1 Kd3 46. Ke1 Nb4 47. Kd1 a4 48. Ke1 a3 49. Kf1 a2 50. Kg1 Bf4 51.
Kf1 Nc2 52. Kg1 a1=N 53. Kf1 Nb3 54. Kg1 Nc1 55. Kf1 Kd2 56. Kg1 d3 57. Kh1
Nd4 58. Kg1 Ke2 59. Kh1 Ke1 60. Kg1 d2 61. Kh1 Nd3 62. Kg1 Ne2+ 63. Kh1
Nxf2# {White checkmated} 0-1

[Event "GambitGuide"]
[Site "Internet Chess Club"]
[Date "2014.10.31"]
[Round "1"]
[White "JSBach"]
[Black "dutchking"]
[Result "0-1"]
[ICCResult "White checkmated"]
[WhiteElo "1786"]
[BlackElo "1370"]
[Opening "Vienna: `Frankenstein-Dracula' variation"]
[ECO "C27"]
[NIC "VG.02"]
[Time "18:06:44"]
[TimeControl "120+12"]

1. e4 e5 2. Nc3 Nf6 3. Bc4 Nxe4 4. Qh5 Nd6 5. Bb3 Nc6 6. Nb5 g6 7. Qf3 f5 8.
Qd5 Qe7 9. Nxc7+ Kd8 10. Nxa8 b6 11. d3 Bb7 12. Nxb6 axb6 13. Qf3 Nd4 14.
Qg3 f4 15. Qg4 Qf6 16. Ba4 b5 17. Bb3 h5 18. Qh3 g5 19. Bd2 g4 20. Ba5+ Kc8
21. c3 Nxb3 22. axb3 gxh3 23. Ne2 hxg2 24. Rg1 f3 25. Ng3 h4 26. Ne4 Nxe4
27. dxe4 Qf4 28. Bb6 Qxh2 29. Kd2 Bh6+ 30. Kd3 Qf4 31. Be3 Qxe4+ 32. Kd2
Bxe3+ 33. fxe3 f2 34. Rgc1 f1=Q 35. Rxf1 gxf1=Q 36. Rxf1 Rg8 37. Rf2 Rg2 38.
Rxg2 Qxg2+ 39. Ke1 Bf3 40. b4 Qe2# {White checkmated} 0-1

[Event "GambitGuide"]
[Site "Internet Chess Club"]
[Date "2014.10.31"]
[Round "1"]
[White "JSBach"]
[Black "CairnTerrier"]
[Result "1-0"]
[ICCResult "Black resigns"]
[WhiteElo "1786"]
[BlackElo "1232"]
[Opening "Vienna: `Frankenstein-Dracula' variation"]
[ECO "C27"]
[NIC "VG.02"]
[Time "18:08:27"]
[TimeControl "120+12"]

1. e4 e5 2. Nc3 Nf6 3. Bc4 Nxe4 4. Qh5 Nd6 5. Bb3 Nc6 6. Nb5 g6 7. Qf3 f5 8.
Qd5 Qe7 9. Nxc7+ Kd8 10. Nxa8 b6 11. d3 Nd4 12. f4 exf4+ 13. Kd1 Bg7 14.
Bxf4 Nxb3 15. Bxd6 Qe3 16. axb3 Re8 17. Bc7+ Ke7 18. Rxa7 Kf8 19. Bd6+ Re7
20. Bxe7+ Kxe7 21. Rc7 {Black resigns} 1-0

[Event "GambitGuide"]
[Site "Internet Chess Club"]
[Date "2014.10.31"]
[Round "1"]
[White "JSBach"]
[Black "CairnTerrier"]
[Result "1-0"]
[ICCResult "Black checkmated"]
[WhiteElo "1770"]
[BlackElo "1232"]
[Opening "Vienna: `Frankenstein-Dracula' variation"]
[ECO "C27"]
[NIC "VG.02"]
[Time "18:09:14"]
[TimeControl "120+12"]

1. e4 e5 2. Nc3 Nf6 3. Bc4 Nxe4 4. Qh5 Nd6 5. Bb3 Nc6 6. Nb5 g6 7. Qf3 f5 8.
Qd5 Qe7 9. Nxc7+ Kd8 10. Nxa8 b6 11. d3 Nd4 12. f4 exf4+ 13. Kd1 g5 14. Qxd4
Rg8 15. Bxg8 Bb7 16. Nxb6 axb6 17. Qxb6+ Kc8 18. Nf3 g4 19. Re1 Qg7 20. Qc5+
Kd8 21. Bd2 gxf3 22. Ba5# {Black checkmated} 1-0

[Event "GambitGuide"]
[Site "Internet Chess Club"]
[Date "2014.10.31"]
[Round "1"]
[White "JSBach"]
[Black "nsideurheadbro"]
[Result "1-0"]
[ICCResult "Black resigns"]
[WhiteElo "1770"]
[BlackElo "1184"]
[Opening "Vienna: `Frankenstein-Dracula' variation"]
[ECO "C27"]
[NIC "VG.02"]
[Time "18:09:09"]
[TimeControl "120+12"]

1. e4 e5 2. Nc3 Nf6 3. Bc4 Nxe4 4. Qh5 Nd6 5. Bb3 Nc6 6. Nb5 g6 7. Qf3 f5 8.
Qd5 Qe7 9. Nxc7+ Kd8 10. Nxa8 b6 11. d3 Bb7 12. Nxb6 axb6 13. Qf3 Nd4 14.
Qh3 f4 15. Ba4 g5 16. Bd2 h5 17. f3 Bg7 18. O-O-O Kc7 19. Re1 Qf6 20. Qxd7+
Kb8 21. Bb4 Rd8 22. Bxd6+ Qxd6 23. Qxg7 Nxc2 24. Bxc2 Rc8 25. Qxe5
{Black resigns}
1-0

[Event "GambitGuide"]
[Site "Internet Chess Club"]
[Date "2014.10.31"]
[Round "1"]
[White "JSBach"]
[Black "catman"]
[Result "0-1"]
[ICCResult "White checkmated"]
[WhiteElo "1770"]
[BlackElo "1488"]
[Opening "Vienna: `Frankenstein-Dracula' variation"]
[ECO "C27"]
[NIC "VG.02"]
[Time "18:09:07"]
[TimeControl "120+12"]

1. e4 e5 2. Nc3 Nf6 3. Bc4 Nxe4 4. Qh5 Nd6 5. Bb3 Nc6 6. Nb5 g6 7. Qf3 f5 8.
Qd5 Qe7 9. Nxc7+ Kd8 10. Nxa8 b6 11. d3 Bb7 12. Nxb6 axb6 13. Qf3 Nd4 14.
Qg3 f4 15. Qg4 Qf6 16. Ba4 b5 17. Bb3 h5 18. Qh3 g5 19. Bd2 g4 20. Ba5+ Ke7
21. c3 Nxb3 22. axb3 gxh3 23. Ne2 hxg2 24. Rg1 h4 25. d4 e4 26. Bc7 f3 27.
Nc1 e3 28. Nd3 Bh6 29. Nc5 h3 30. Bxd6+ Qxd6 31. Nxb7 Qxh2 32. Kd1 exf2 33.
Kc2 fxg1=Q 34. Rxg1 Qxg1 35. b4 f2 36. d5 f1=Q 37. d6+ Kf7 38. Nd8+ Rxd8 39.
Kb3 Rc8 40. c4 h2 41. cxb5 h1=Q 42. Ka4 Qgf2 43. Kb3 g1=Q 44. b6 Qxb6 45.
Ka2 Qba6+ 46. Kb3 Qff3# {White checkmated} 0-1

[Event "GambitGuide"]
[Site "Internet Chess Club"]
[Date "2014.10.31"]
[Round "1"]
[White "JSBach"]
[Black "catman"]
[Result "0-1"]
[ICCResult "White checkmated"]
[WhiteElo "1770"]
[BlackElo "1488"]
[Opening "Vienna: `Frankenstein-Dracula' variation"]
[ECO "C27"]
[NIC "VG.02"]
[Time "18:10:36"]
[TimeControl "120+12"]

1. e4 e5 2. Nc3 Nf6 3. Bc4 Nxe4 4. Qh5 Nd6 5. Bb3 Nc6 6. Nb5 g6 7. Qf3 f5 8.
Qd5 Qe7 9. Nxc7+ Kd8 10. Nxa8 b6 11. d3 Bb7 12. Nxb6 axb6 13. Qf3 Nd4 14.
Qg3 f4 15. Qg4 Qf6 16. Ba4 N6f5 17. c3 h5 18. Qh3 g5 19. cxd4 g4 20. Bxf4
exf4 21. Bc6 Bxc6 22. d5 Bxd5 23. Qxh5 Rxh5 24. Ne2 Qe5 25. Rd1 f3 26. Rd2
Rxh2 27. Rg1 Rxg2 28. Rxg2 fxg2 29. Kd1 Bf3 30. Kc2 Bxe2 31. a3 g1=Q 32. Kb3
Qd5+ 33. Ka4 Qd1+ 34. Rxd1 Bxd1+ 35. b3 Bxb3# {White checkmated} 0-1

[Event "GambitGuide"]
[Site "Internet Chess Club"]
[Date "2014.10.31"]
[Round "1"]
[White "JSBach"]
[Black "catman"]
[Result "0-1"]
[ICCResult "White checkmated"]
[WhiteElo "1770"]
[BlackElo "1488"]
[Opening "Vienna: `Frankenstein-Dracula' variation"]
[ECO "C27"]
[NIC "VG.02"]
[Time "18:11:29"]
[TimeControl "120+12"]

1. e4 e5 2. Nc3 Nf6 3. Bc4 Nxe4 4. Qh5 Nd6 5. Bb3 Nc6 6. Nb5 g6 7. Qf3 f5 8.
Qd5 Qe7 9. Nxc7+ Kd8 10. Nxa8 b6 11. d3 Bb7 12. Nxb6 axb6 13. Qf3 Nd4 14.
Qg3 f4 15. Qg4 Qf6 16. Ba4 N6f5 17. c3 h5 18. Qh3 g5 19. cxd4 g4 20. Bxf4
exf4 21. Bc6 Bxc6 22. d5 Bxd5 23. Qxh5 Rxh5 24. Ne2 Qe5 25. Rd1 f3 26. Rd2
Rxh2 27. Rg1 Rxg2 28. Rxg2 fxg2 29. Kd1 Bf3 30. Kc2 Bxe2 31. Kb1 g1=Q+ 32.
Kc2 Qc5+ 33. Kb3 Qb4+ 34. Kc2 Nd4# {White checkmated} 0-1

[Event "GambitGuide"]
[Site "Internet Chess Club"]
[Date "2014.10.31"]
[Round "1"]
[White "JSBach"]
[Black "Fifo25"]
[Result "0-1"]
[ICCResult "White checkmated"]
[WhiteElo "1770"]
[BlackElo "1509"]
[Opening "Vienna: `Frankenstein-Dracula' variation"]
[ECO "C27"]
[NIC "VG.02"]
[Time "18:06:41"]
[TimeControl "120+12"]

1. e4 e5 2. Nc3 Nf6 3. Bc4 Nxe4 4. Qh5 Nd6 5. Bb3 Nc6 6. Nb5 g6 7. Qf3 f5 8.
Qd5 Qe7 9. Nxc7+ Kd8 10. Nxa8 b6 11. d3 Bb7 12. Nxb6 axb6 13. Qf3 f4 14. Qg4
Nd4 15. Ba4 b5 16. Bb3 g5 17. Bd2 h5 18. Ba5+ Kc8 19. Bd8 Kxd8 20. Qd1 Bxg2
21. Bd5 Bxd5 22. f3 g4 23. Qd2 gxf3 24. O-O-O f2 25. Nh3 Bxh1 26. Rxh1 Bh6
27. Qa5+ Ke8 28. Nxf2 Kf7 29. Rf1 Qe6 30. Qb4 Ra8 31. a3 Rc8 32. c3 Nc6 33.
Qc5 Na5 34. Qb4 Nb3+ 35. Kc2 Nd4+ 36. Kb1 Nc6 37. Qc5 Bf8 38. Rg1 Ne4 39.
Qxb5 Nxf2 40. Qa6 Rb8 41. Rg2 Nd1 42. Kc1 Qb3 43. Qc4+ Qxc4 44. dxc4 Ne3 45.
Re2 Nxc4 46. b4 Nxa3 47. Rd2 Ke6 48. h4 Nc4 49. Rg2 f3 50. Rf2 e4 51. Kd1
N6e5 52. Ra2 e3 53. Ra6+ d6 54. Ra2 f2 55. Ke2 Ng6 56. Rc2 Nf4+ 57. Kf1 e2+
58. Kxf2 Ne3 59. Rc1 Neg2 60. Ra1 e1=Q+ 61. Rxe1+ Nxe1 62. Kxe1 Rd8 63. Kd1
d5 64. Kd2 d4 65. Kc2 dxc3 66. Kxc3 Rc8+ 67. Kd4 Bxb4 68. Ke4 Nd5 69. Kf3
Rf8+ 70. Kg2 Ne3+ 71. Kh3 Rf3+ 72. Kh2 Bd6+ 73. Kg1 Rf1# {White checkmated}
0-1

[Event "GambitGuide"]
[Site "Internet Chess Club"]
[Date "2014.10.31"]
[Round "1"]
[White "JSBach"]
[Black "ElNino"]
[Result "1-0"]
[ICCResult "Black resigns"]
[WhiteElo "1771"]
[BlackElo "1227"]
[Opening "Vienna: `Frankenstein-Dracula' variation"]
[ECO "C27"]
[NIC "VG.02"]
[Time "18:10:23"]
[TimeControl "120+12"]

1. e4 e5 2. Nc3 Nf6 3. Bc4 Nxe4 4. Qh5 Nd6 5. Bb3 Nc6 6. Nb5 g6 7. Qf3 f5 8.
Qd5 Qe7 9. Nxc7+ Kd8 10. Nxa8 b6 11. d3 Bb7 12. Nxb6 axb6 13. Qf3 Nd4 14.
Qh3 g5 15. Be3 h5 16. Bxd4 exd4+ 17. Ne2 g4 18. Qg3 h4 19. Qf4 Bg7 20. O-O
Be5 21. Qd2 h3 22. g3 f4 23. gxf4 Bf6 24. Rfe1 Bh4 25. Nxd4 {Black resigns}
1-0

[Event "GambitGuide"]
[Site "Internet Chess Club"]
[Date "2014.10.31"]
[Round "1"]
[White "JSBach"]
[Black "nsideurheadbro"]
[Result "1-0"]
[ICCResult "Black resigns"]
[WhiteElo "1771"]
[BlackElo "1184"]
[Opening "Vienna: `Frankenstein-Dracula' variation"]
[ECO "C27"]
[NIC "VG.02"]
[Time "18:10:49"]
[TimeControl "120+12"]

1. e4 e5 2. Nc3 Nf6 3. Bc4 Nxe4 4. Qh5 Nd6 5. Bb3 Nc6 6. Nb5 g6 7. Qf3 f5 8.
Qd5 Qe7 9. Nxc7+ Kd8 10. Nxa8 b6 11. d3 Bb7 12. Nxb6 axb6 13. Qf3 Nd4 14.
Qg3 f4 15. Qg4 g5 16. Bd2 h5 17. Qd1 Bxg2 18. Bd5 e4 19. Be3 Nf3+ 20. Nxf3
Bxf3 21. Bxb6+ Kc8 22. Qd2 exd3+ 23. Be3 fxe3 24. Qc3+ Kd8 25. Bxf3 d2+ 26.
Kd1 exf2 27. Qxd2 Bh6 28. Qa5+ Ke8 29. Qa8+ Kf7 30. Qxh8 g4 31. Qxh6 gxf3
32. Qxh5+ Ke6 33. Qg4+ Kf6 34. Qxf3+ Ke6 35. Qe2+ Kf6 36. Qxf2+ Kg6 37. b4
{Black resigns}
1-0

[Event "GambitGuide"]
[Site "Internet Chess Club"]
[Date "2014.10.31"]
[Round "1"]
[White "JSBach"]
[Black "dutchking"]
[Result "0-1"]
[ICCResult "White checkmated"]
[WhiteElo "1771"]
[BlackElo "1370"]
[Opening "Vienna: `Frankenstein-Dracula' variation"]
[ECO "C27"]
[NIC "VG.02"]
[Time "18:09:30"]
[TimeControl "120+12"]

1. e4 e5 2. Nc3 Nf6 3. Bc4 Nxe4 4. Qh5 Nd6 5. Bb3 Nc6 6. Nb5 g6 7. Qf3 f5 8.
Qd5 Qe7 9. Nxc7+ Kd8 10. Nxa8 b6 11. d3 Bb7 12. Nxb6 axb6 13. Qf3 Nd4 14.
Qg3 f4 15. Qg4 Qf6 16. Ba4 b5 17. Bb3 h5 18. Qh3 g5 19. Bd2 g4 20. Ba5+ Kc8
21. c3 gxh3 22. cxd4 exd4 23. Rc1+ Kb8 24. Nxh3 Bxg2 25. Rg1 Bxh3 26. Rc5
Be7 27. Bc7+ Ka7 28. Bxd6 Qxd6 29. Rxb5 Qb4+ 30. Rxb4 Bxb4+ 31. Kd1 Bg4+ 32.
Kc2 Rc8+ 33. Kb1 Be2 34. Bc2 f3 35. Rg7 Rc7 36. Rg1 Bd6 37. h3 Bh2 38. Rg5
Bf4 39. Ra5+ Kb6 40. Rd5 Bxd3 41. Rc5 Rxc5 42. a4 Bxc2+ 43. Ka2 d3 44. b4
Rc8 45. a5+ Kb5 46. Ka3 d2 47. a6 d1=Q 48. Ka2 Qb1+ 49. Ka3 Qb3#
{White checkmated}
0-1

[Event "GambitGuide"]
[Site "Internet Chess Club"]
[Date "2014.10.31"]
[Round "1"]
[White "JSBach"]
[Black "ArthurR"]
[Result "1-0"]
[ICCResult "Black resigns"]
[WhiteElo "1788"]
[BlackElo "1679"]
[Opening "Vienna: `Frankenstein-Dracula' variation"]
[ECO "C27"]
[NIC "VG.02"]
[Time "18:12:15"]
[TimeControl "120+12"]

1. e4 e5 2. Nc3 Nf6 3. Bc4 Nxe4 4. Qh5 Nd6 5. Bb3 Nc6 6. Nb5 g6 7. Qf3 f5 8.
Qd5 Qe7 9. Nxc7+ Kd8 10. Nxa8 b6 11. d3 Bb7 12. Nxb6 axb6 13. Qf3 Na5 14.
Qe3 Nxb3 15. Qxb6+ Ke8 16. Qxb3 Qe6 17. Qxe6+ dxe6 18. f3 Ke7 19. b4 Kf6 20.
a4 Be7 21. a5 Ra8 22. Be3 Nb5 23. Bc5 e4 24. Bxe7+ Kxe7 25. dxe4 fxe4 26. c4
Nd4 27. O-O-O e5 28. Re1 Nb3+ 29. Kb2 Nd4 30. fxe4 Ke6 31. Nf3 Nxf3 32. gxf3
Rf8 33. Rhf1 Rf4 34. b5 {Black resigns} 1-0

[Event "GambitGuide"]
[Site "Internet Chess Club"]
[Date "2014.10.31"]
[Round "1"]
[White "JSBach"]
[Black "Chessnt"]
[Result "1-0"]
[ICCResult "Black resigns"]
[WhiteElo "1784"]
[BlackElo "1313"]
[Opening "Vienna: `Frankenstein-Dracula' variation"]
[ECO "C27"]
[NIC "VG.02"]
[Time "18:12:14"]
[TimeControl "120+12"]

1. e4 e5 2. Nc3 Nf6 3. Bc4 Nxe4 4. Qh5 Nd6 5. Bb3 Nc6 6. Nb5 g6 7. Qf3 f5 8.
Qd5 Qe7 9. Nxc7+ Kd8 10. Nxa8 b6 11. d3 Bb7 12. Nxb6 axb6 13. Qf3 Nd4 14.
Qh3 Kc7 15. Be3 Nxb3 16. axb3 Bg7 17. b4 Nb5 18. Bd2 Nd4 19. Rc1 Kb8 20. Qg3
d5 21. f3 Re8 22. Qg5 Bf6 23. Qh6 e4 24. Bf4+ Kc8 25. fxe4 dxe4 26. Kf1 e3
27. c3 Nb3 28. Rc2 Nd2+ 29. Rxd2 exd2 30. Bxd2 Qe2+ 31. Nxe2 {Black resigns}
1-0

[Event "GambitGuide"]
[Site "Internet Chess Club"]
[Date "2014.10.31"]
[Round "1"]
[White "JSBach"]
[Black "tazmanfox66"]
[Result "1-0"]
[ICCResult "Black checkmated"]
[WhiteElo "1784"]
[BlackElo "1524"]
[Opening "Vienna: `Frankenstein-Dracula' variation"]
[ECO "C27"]
[NIC "VG.02"]
[Time "18:13:16"]
[TimeControl "120+12"]

1. e4 e5 2. Nc3 Nf6 3. Bc4 Nxe4 4. Qh5 Nd6 5. Bb3 Nc6 6. Nb5 g6 7. Qf3 f5 8.
Qd5 Qe7 9. Nxc7+ Kd8 10. Nxa8 b6 11. d3 Bb7 12. Nxb6 axb6 13. Qf3 Kc7 14.
Bd2 Nd4 15. Qg3 f4 16. Qg4 Nxb3 17. axb3 Bg7 18. Ne2 Rg8 19. Bc3 Nb5 20. Bd2
Nd4 21. Nxd4 exd4+ 22. Kd1 h5 23. Bxf4+ Kc8 24. Qxg6 Rf8 25. Re1 Qf7 26.
Qxf7 Rxf7 27. Re8# {Black checkmated} 1-0